 Dungeon Crawl Stone Soup version 0.27.1-2-g3b301248ec (webtiles) character file.

Game seed: 6754677343623622071

12108 karkarkar the Destroyer (level 11, -37/79 HPs)
             Began as a Yellow Draconian Conjurer on Oct 1, 2021.
             Was a Priest of Vehumet.
             Killed from afar by Jorgrun (41 damage)
             ... with an iron shot
             ... on level 1 of the Orcish Mines on Oct 2, 2021.
             The game lasted 01:07:23 (11934 turns).

karkarkar the Destroyer (DrCj)                     Turns: 11934, Time: 01:07:24

Health: -37/79     AC: 13    Str:  9    XL:     11   Next: 58%
Magic:  12/23      EV: 14    Int: 29    God:    Vehumet [***...]
Gold:   653        SH:  3    Dex:  9    Spells: 13/26 levels left

rFire    . . .     SeeInvis .   f - staff of conjuration
rCold    . . .     Faith    .   P - +0 buckler
rNeg     . . .     Spirit   .   (armour unavailable)
rPois    .         Reflect  .   (helmet restricted)
rElec    .         Harm     .   G - +2 cloak
rCorr    +         Rampage  .   (no gloves)
Will     .....                  t - +2 pair of boots
Stlth    +++.......             d - amulet of magic regeneration
HPRegen  0.23/turn              r - +4 ring of evasion
MPRegen  0.43/turn              y - +6 ring of intelligence

@: grasped by roots, constricted
A: spit acid, AC +7, unfitting armour, cold-blooded, acid resistance
a: Breathe Acid, Renounce Religion


You were on level 1 of the Orcish Mines.
You worshipped Vehumet.
Vehumet was most pleased with you.
You visited 3 branches of the dungeon, and saw 12 of its levels.

You collected 733 gold pieces.
You spent 80 gold pieces at shops.

Inventory:

Hand Weapons
 o - a +1 dagger of protection
 B - a +0 dagger of holy wrath
Missiles
 a - 4 datura-tipped darts
 c - 53 poisoned darts
 H - 3 boomerangs of dispersal
 M - 2 curare-tipped darts
Armour
 t - a +2 pair of boots (worn)
 G - a +2 cloak (worn)
 P - a +0 buckler (worn)
Magical Staves
 f - a staff of conjuration (weapon)
Jewellery
 d - an amulet of magic regeneration (around neck)
 h - an amulet of regeneration
 r - a +4 ring of evasion (left hand)
 y - a +6 ring of intelligence (right hand)
 A - a +4 ring of protection
Wands
 I - a wand of iceblast (24)
 N - a wand of paralysis (11)
 O - a wand of mindburst (12)
Scrolls
 b - a scroll of fog {unknown}
 e - a scroll of summoning
 g - 5 scrolls of magic mapping
 j - a scroll of enchant weapon {unknown}
 l - a scroll of torment {unknown}
 n - 3 scrolls of immolation
 v - 2 scrolls of teleportation
 w - 2 scrolls of enchant armour
 C - a scroll of silence
 E - 3 scrolls of acquirement
 F - a scroll of holy word {unknown}
 K - a scroll of amnesia {unknown}
Potions
 i - a potion of lignification
 k - a potion of resistance {unknown}
 m - 4 potions of cancellation
 p - 5 potions of curing
 q - a potion of invisibility
 s - 2 potions of mutation
 u - a potion of magic {unknown}
 x - 3 potions of flight
 D - a potion of might {unknown}
 L - 2 potions of brilliance


   Skills:
 - Level 1.9 Fighting
 - Level 0.7 Throwing
 + Level 6.4 Dodging
 + Level 7.2 Stealth
 - Level 1.1 Shields
 + Level 8.2 Spellcasting
 + Level 10.0 Conjurations
 - Level 2.3 Hexes
 * Level 8.9 Translocations


You had 13 spell levels left.
You knew the following spells:

 Your Spells              Type           Power      Damage    Failure   Level
a - Magic Dart            Conj           100%       1d8       1%          1
b - Searing Ray           Conj           100%       3d7       1%          2
c - Iskenderun's Mystic   Conj/Tloc      79%        2d16      1%          4
d - Sandblast             Erth           24%        2d8       1%          1
e - Freeze                Ice            48%        1d7       1%          1
f - Fulminant Prism       Conj/Hex       32%        3d16      1%          4

Your spell library contained the following spells:

 Spells                   Type           Power      Damage    Failure   Level
 Ignite Poison            Fire/Tmut/Pois 12%        N/A       5%          3
 Shock                    Conj/Air       100%       1d9       1%          1
 Dazzling Flash           Conj/Hex       100%       N/A       1%          3
 Slow                     Hex            25%        N/A       3%          2
 Animate Skeleton         Necr           24%        N/A       6%          1
 Pain                     Necr           48%        1d6       6%          1
 Irradiate                Conj/Tmut      28%        3d23      6%          5
 Confusing Touch          Hex            25%        N/A       8%          3
 Sublimation of Blood     Necr           6%         N/A       10%         2
 Vampiric Draining        Necr           6%         2d6       19%         3
 Lee's Rapid Deconstruct  Erth           6%         3d7*      41%         5
 Petrify                  Tmut/Erth      12%        N/A       54%         4


Dungeon Overview and Level Annotations

Branches:
Dungeon (10/15)            Temple (1/1) D:7            Lair (0/6) D:9
    Orc (1/2) D:9

Altars:
Ashenzari
Cheibriados
Dithmenos
Fedhas
Gozag
Hepliaklqana
Kikubaaqudgha
Makhleb
Nemelex Xobeh
Okawaru
Qazlal
Ru
Sif Muna
Trog
Uskayaw
Vehumet
Wu Jian
Xom
Zin
The Shining One

Shops:
D:8 !

Annotations:
D:2 Grinder
D:7 1 exclusion, Maggie
D:9 3 runed translucent doors, exclusion: orange crystal statue
Orc:1 Jorgrun


Innate Abilities, Weirdness & Mutations

You can spit globs of acid.
Your golden yellow scales are hard. (AC +7)
You cannot fit into any form of body armour.
You are cold-blooded and may be slowed by cold attacks.
You are resistant to acid. (rCorr)


Message History

The orc wizard collides with the orc wizard!
The mystic blast hits the orc!
You kill the orc!
Vehumet accepts your kill.
You feel your power returning.
The orc throws a boomerang.
The boomerang closely misses you.
You feel a surge of power!
You erupt in a blast of force!
The mystic blast hits the orc wizard!!
You kill the orc wizard!
Vehumet accepts your kill.
The mystic blast hits the orc wizard!
You kill the orc wizard!
Vehumet accepts your kill.
Vehumet is now aiding your destructive spells.
You feel your power returning.
The cyclops throws a large rock.
The large rock barely misses you. The grasping roots constrict you!
Aiming: Fulminant Prism (dangerous; 1% risk of failure)
Press: ? - help, Q - select action, (/) - cycle Dir - move target You feel a surge of power!
You conjure a prism of explosive energy!
A fulminant prism comes into view.
The grasping roots constrict you!!
The cyclops throws a large rock.
The large rock hits you!
Aiming: Searing Ray (safe; 1% risk of failure)
Press: ? - help, Q - select action, (/) - cycle Shift-Dir - straight line, f - Jorgrun
Aim: Jorgrun, wielding a +0 vorpal quarterstaff and wearing a +0 robe (lightly wounded, ally target, 72% to hit)
You feel a surge of power!
The searing ray hits Jorgrun!
Jorgrun is lightly wounded. (Press . to maintain the ray.)
The grasping roots constrict you!
Your fulminant prism crackles loudly.
The searing ray hits Jorgrun!
Jorgrun is lightly wounded.
The cyclops hits you!!
* * * LOW HITPOINT WARNING * * *
Jorgrun says, "May tha earth consume ye!"
Jorgrun points at you and mumbles some strange words.
The iron shot hits you!!!
Ouch! That really hurt!
You die...

## ##.# #.##...
...#...
.......##
........#
#......#
##.....)##
#....g.)@#
.#......C#
.###.*T)C#
......)..##
...oo...).#
#.......$[##
........$[.##
..........[.##
.............###


You could see Jorgrun (ally target), 2 cyclopes, a troll, an orc warrior, an orc
and a friendly fulminant prism.

Vanquished Creatures
  2 orc knights (D:9)
  3 cyclopes
  4 trolls
  A hornet (D:9)
  2 slime creatures (D:6)
  Sigmund (D:3)
  3 wyverns
  7 yaks
  2 basilisks (D:9)
  Menkaure (D:5)
  5 water moccasins
  An acid dragon (D:7)
  An ice beast (D:8)
  4 orc warriors
  2 sky beasts
  3 black bears
  A necrophage (D:7)
  7 ogres
  5 centaurs
  4 wolves
  2 phantoms
  4 kobold brigands
  A bullfrog (D:6)
  3 scorpions
  3 wyvern zombies
  2 gnoll sergeants
  A water moccasin zombie (D:5)
  8 killer bees (D:9)
  6 wights
  4 howler monkeys
  6 crimson imps (D:7)
  Crazy Yiuf (D:7)
  3 hounds
  9 jellies (D:6)
  2 orc priests (Orc:1)
  A centaur skeleton (D:7)
  3 iron imps (D:5)
  An iguana (D:5)
  11 orc wizards
  Robin (D:3)
  A howler monkey zombie (D:8)
  6 gnolls
  A howler monkey skeleton (D:7)
  6 adders
  A shadow imp (D:8)
  6 white imps
  An ufetubus (D:6)
  2 worms
  2 dart slugs
  23 orcs
  12 ball pythons
  7 endoplasms
  A giant cockroach (D:1)
  10 goblins
  12 hobgoblins
  2 jackals (D:1)
  A quokka (D:3)
  5 bats
  6 frilled lizards
  29 kobolds
  5 rats
  A fulminant prism (Orc:1)
271 creatures vanquished.

Vanquished Creatures (collateral kills)
  A two-headed ogre (D:10)
  A cyclops (D:10)
  An orc (D:9)
3 creatures vanquished.

Vanquished Creatures (others)
  An orc (D:9)
  6 fulminant prisms (Orc:1)
  13 fungi
  19 plants
  6 toadstools (D:6)
45 creatures vanquished.

Grand Total: 319 creatures vanquished

Notes
Turn   | Place    | Note
-------+----------+-------------------------------------------
     0 | D:1      | karkarkar the Draconian Conjurer began the quest for the
                  | Orb.
     0 | D:1      | Reached XP level 1. HP: 14/14 MP: 3/3
   218 | D:1      | Reached XP level 2. HP: 20/20 MP: 0/5
   228 | D:1      | Learned a level 2 spell: Searing Ray
   408 | D:1      | Found a faded altar of an unknown god.
   988 | D:2      | Reached XP level 3. HP: 26/26 MP: 3/6
  1263 | D:2      | Reached skill level 5 in Conjurations
  1289 | D:2      | Found a shimmering blue altar of Sif Muna.
  1620 | D:3      | Noticed Grinder
  1632 | D:3      | Reached XP level 4. HP: 5/33 MP: 4/7
  1638 | D:3      | Paralysed by Grinder for 4 turns
  1894 | D:3      | Paralysed by Grinder for 4 turns
  1914 | D:2      | HP: 1/33 [Grinder/nerve-wracking pain (5)]
  2336 | D:3      | Noticed Sigmund
  2514 | D:3      | Killed Sigmund
  2515 | D:3      | Reached XP level 5. HP: 34/38 MP: 1/9
  2752 | D:3      | Found an ornate altar of the Wu Jian Council.
  3018 | D:3      | Found a shimmering blue altar of Sif Muna.
  3030 | D:3      | Got Sif Muna's Tome of Feathers
  3060 | D:3      | Found a bloodstained altar of Trog.
  3064 | D:3      | Reached XP level 6. HP: 45/45 MP: 6/10
  3107 | D:3      | Noticed Robin
  3142 | D:3      | Killed Robin
  3697 | D:4      | Reached skill level 6 in Conjurations
  3710 | D:4      | Reached skill level 1 in Hexes
  3827 | D:4      | Your scales start taking on a golden yellow colour.
  3827 | D:4      | Reached XP level 7. HP: 51/51 MP: 7/12
  3827 | D:4      | Gained mutation: You are resistant to acid. (rCorr) [Yellow
                  | Draconian growth]
  4186 | D:5      | Entered Level 5 of the Dungeon
  4242 | D:5      | Found a burning altar of Makhleb.
  4878 | D:5      | Noticed Menkaure
  4924 | D:5      | Reached skill level 1 in Fighting
  4983 | D:5      | Reached XP level 8. HP: 59/59 MP: 9/14
  5029 | D:5      | Reached skill level 1 in Translocations
  5201 | D:5      | Reached skill level 7 in Conjurations
  5276 | D:5      | Killed Menkaure
  5277 | D:5      | Reached skill level 5 in Spellcasting
  5405 | D:6      | Found a sparkling altar of Nemelex Xobeh.
  6011 | D:6      | Found a shadowy altar of Dithmenos.
  6121 | D:6      | Reached XP level 9. HP: 66/67 MP: 11/17
  6176 | D:6      | Reached skill level 1 in Shields
  6176 | D:6      | Reached skill level 8 in Conjurations
  6181 | D:6      | Learned a level 4 spell: Iskenderun's Mystic Blast
  6948 | D:7      | Identified a scroll of acquirement
  7125 | D:7      | Found a runed translucent door.
  7126 | D:7      | Noticed Crazy Yiuf
  7134 | D:7      | Killed Crazy Yiuf
  7142 | D:7      | Acquired a staff of conjuration
  7206 | D:7      | Found a staircase to the Ecumenical Temple.
  7273 | Temple   | Entered the Ecumenical Temple
  7553 | Temple   | Became a worshipper of Vehumet
  7601 | D:7      | Noticed Maggie
  7778 | D:8      | Reached skill level 5 in Translocations
  7785 | D:8      | Reached skill level 5 in Stealth
  8015 | D:8      | Found Xuabil's Distillery.
  8034 | D:8      | Bought a potion of heal wounds for 50 gold pieces
  8034 | D:8      | Bought a potion of curing for 30 gold pieces
  8045 | D:8      | Found an ancient bone altar of Kikubaaqudgha.
  8159 | D:8      | Reached XP level 10. HP: 73/73 MP: 14/20
  8454 | D:9      | Found a staircase to the Lair.
  8634 | D:9      | Reached skill level 9 in Conjurations
  8683 | D:9      | Reached skill level 5 in Dodging
  8732 | D:9      | Reached * piety under Vehumet
  8732 | D:9      | Offered knowledge of Sandblast by Vehumet.
  8997 | D:9      | Paralysed by a hornet for 2 turns
  9171 | D:9      | Found a runed translucent door.
  9220 | D:9      | Found an iron altar of Okawaru.
  9307 | D:9      | Learned a level 1 spell: Sandblast
  9319 | D:9      | Found an opulent altar of Gozag.
  9319 | D:9      | Found a glowing silver altar of Zin.
  9322 | D:9      | Found a glowing golden altar of the Shining One.
  9348 | D:9      | Found a runed translucent door.
  9358 | D:9      | Found a staircase to the Orcish Mines.
  9614 | D:9      | Found a runed translucent door.
  9632 | D:9      | Found a runed translucent door.
  9861 | D:9      | Noticed an orange crystal statue
  9975 | D:10     | Entered Level 10 of the Dungeon
 10250 | D:10     | Noticed a cyclops
 10251 | D:10     | Offered knowledge of Freeze by Vehumet.
 10252 | D:10     | Noticed a two-headed ogre
 10304 | D:10     | Killed a two-headed ogre
 10312 | D:10     | Killed a cyclops
 10312 | D:10     | Reached ** piety under Vehumet
 10313 | D:10     | Reached XP level 11. HP: 36/79 MP: 22/22
 10642 | D:10     | Learned a level 1 spell: Freeze
 10661 | D:10     | Learned a level 4 spell: Fulminant Prism
 10670 | D:10     | Noticed a centaur warrior
 10909 | Orc:1    | Entered Level 1 of the Orcish Mines
 11083 | Orc:1    | Noticed an orc knight
 11136 | Orc:1    | Noticed Jorgrun
 11239 | D:9      | Killed an orc knight
 11333 | Orc:1    | Noticed an orc knight
 11335 | Orc:1    | Offered knowledge of Ignite Poison by Vehumet.
 11860 | D:9      | Killed an orc knight
 11861 | D:9      | Reached skill level 10 in Conjurations
 11931 | Orc:1    | Reached *** piety under Vehumet
 11934 | Orc:1    | Killed from afar by Jorgrun

Illustrated notes

Levels and vault maps discovered:
D:1:      saegor_arrival_miasma, layout_rooms, ebering_ecumenical_altar_hall,
          serial_bayou_lagoon_b
D:2:      layout_loops_ring, basic_altar
D:3:      layout_basic, nzn_overflow_gifts_of_might_and_magic,
          nzn_wu_jian_council_hall, uniq_robin, uniq_grinder, uniq_sigmund
D:4:      layout_loops_cross
D:5:      layout_rooms, demons_altar, st_stairs_4, uniq_menkaure
D:6:      cheibrodos_fertilizer, layout_loops_ring,
          grunt_dithmenos_smoke_and_mirrors, mainiacjoe_overflow_catwalk
D:7:      layout_loops_cross, minmay_temple_entry_drinking_statues,
          minmay_nine_imps, uniq_maggie, uniq_crazy_yiuf_cottage
D:8:      layout_loops_cross, overflow_temple_1_default, nicolae_stop_n_shop_2
D:9:      layout_cave_pools, gammafunk_temple_overflow_claw,
          okawaru_altar_gauntlet_db, minmay_lair_entry_grove, orc_0_dummy,
          minmay_statue_crystal_thing
D:10:     minmay_the_grid_square_5x5_4x4 [minmay_the_grid_square_5x5_tie,
          minmay_the_grid_square_5x5_bite, minmay_the_grid_square_5x5_moneybag,
          minmay_the_grid_square_5x5_v, minmay_the_grid_square_5x5_checkered,
          minmay_the_grid_square_5x5_prize_open,
          minmay_the_grid_square_5x5_prize_open,
          minmay_the_grid_square_5x5_shuriken,
          minmay_the_grid_square_5x5_fancy_junction,
          minmay_the_grid_square_5x5_prize_itemx,
          minmay_the_grid_square_5x5_prize_open,
          minmay_the_grid_square_5x5_minivault, minmay_the_grid_square_5x5_z,
          minmay_the_grid_square_5x5_half_checkered,
          minmay_the_grid_square_5x5_minimal,
          minmay_the_grid_square_5x5_two_walls_b], layout_loops_ring,
          kennysheep_ying_yang
Temple:   nicolae_temple_figure_zero
Orc:1:    giant_chief_lemuel, layout_diamond_mine,
          amcnicky_altar_lugonu_corruption, uniq_erica, uniq_jorgrun

Skill      XL: |  1  2  3  4  5  6  7  8  9 10 11 |
---------------+----------------------------------+-----
Stealth        | 2 3 4 5 6 7 |  7.2
Conjurations   | 5 6 7 8 9 10 | 10.0
Dodging        | 2 3 4 5 6 |  6.4
Spellcasting   | 3 4 5 6 7 8 |  8.2
Hexes          | 1 2 |  2.3
Fighting       | 1 |  1.9
Translocations | 3 5 7 8 |  8.9
Shields        | 1 |  1.1
Throwing       | |  0.7

Action                   |  1- 3 |  4- 6 |  7- 9 | 10-12 || total
-------------------------+-------+-------+-------+-------++-------
Melee: Dagger            |     4 |       |       |       ||     4
       Unarmed           |     2 |       |       |       ||     2
       Staff             |       |       |       |     9 ||     9
       Tailslap          |       |       |       |     3 ||     3
Throw: Dart              |       |    15 |     3 |     5 ||    23
 Cast: Magic Dart        |    47 |    17 |    99 |    71 ||   234
       Searing Ray       |    21 |    28 |    72 |    68 ||   189
       Iskenderun's Myst |       |       |       |    24 ||    24
       Fulminant Prism   |       |       |       |     8 ||     8
 Abil: Breathe Acid      |       |       |    11 |     5 ||    16
  Use: Scroll            |     2 |     1 |     9 |     8 ||    20
       Potion            |     1 |       |       |     1 ||     2
Armor: Skin              |     2 |    14 |    16 |    45 ||    77
Dodge: Dodged            |    12 |    38 |    34 |    91 ||   175
Block: Kite shield       |       |       |    20 |    26 ||    46
       Buckler           |       |       |       |     4 ||     4
